 Dungeon Crawl Stone Soup version 0.31-a0-521-gc7390f8997 (webtiles) character file.

Game seed: 11709396877108797608

161 javelincjr the Trooper (level 5, -5/42 HPs)
             Began as a Demonspawn Monk on Aug 10, 2023.
             Slain by redkitty's ghost (11 damage)
             ... on level 3 of the Dungeon.
             The game lasted 00:08:11 (2026 turns).

javelincjr the Trooper (Demonspawn Monk)            Turns: 2026, Time: 00:08:12

Health: -5/42      AC:  2    Str: 13    XL:     5   Next: 18%
Magic:  5/5        EV: 13    Int: 11    God:
Gold:   95         SH:  0    Dex: 16    Spells: 4/4 levels left

rFire   . . .        i - +1 spear (freeze)
rCold   . . .        d - orb {light}
rNeg    . . .        b - +0 robe
rPois   .            (no helmet)
rElec   .            (no cloak)
rCorr   .            (no gloves)
SInv    .            (no boots)
Will    .....        (no amulet)
Stlth   +            (no ring)
HPRegen 0.27/turn    (no ring)
MPRegen 0.09/turn

%: no passive effects
@: glowing
A: claws 2, powered by death 1
a: no special abilities


You were on level 3 of the Dungeon.
You visited 1 branch of the dungeon, and saw 3 of its levels.

You collected 145 gold pieces.
You spent 50 gold pieces at shops.

Inventory:

Hand Weapons
 a - a +0 spear
 i - a +1 spear of freezing (weapon)
 l - a +1 antimagic scythe
Armour
 b - a +0 robe (worn)
 d - an orb of light (worn)
 p - a +0 ring mail
Wands
 j - a wand of polymorph (7)
Scrolls
 e - a scroll of immolation {unknown}
 g - 6 scrolls of identify {unknown}
 h - 2 scrolls of revelation {unknown}
 o - a scroll of teleportation {unknown}
Potions
 c - a potion of ambrosia
 f - a potion of lignification {unknown}
 k - a potion of might {unknown}
 m - 2 potions of heal wounds
 n - a potion of invisibility {unknown}


   Skills:
 + Level 4.2 Fighting
 + Level 3.7 Polearms
 + Level 3.8 Dodging


You had 4 spell levels left.
You didn't know any spells.
Your spell library contained the following spells:

 Spells                   Type           Power      Damage    Failure   Level
 Magic Dart               Conj           0%         1d3       34%         1
 Call Imp                 Summ           0%         N/A       47%         2
 Mephitic Cloud           Conj/Pois/Air  0%         N/A       71%         3
 Anguish                  Hex/Necr       0%         N/A       98%         4
 Cause Fear               Hex            0%         N/A       98%         4
 Enfeeble                 Hex            0%         N/A       100%        7


Dungeon Overview and Level Annotations

Branches:
Dungeon (3/15)

Altars:

Shops:
D:2 !?((*

Annotations:
D:3 redkitty's ghost, amateur MfSh


Innate Abilities, Weirdness & Mutations

You have very sharp fingernails.
You regenerate a little health from kills.


Message History

You hit redkitty's ghost.
Redkitty's ghost is lightly damaged.
Redkitty's ghost hits you!
You hit redkitty's ghost.
Redkitty's ghost is lightly damaged.
You hit redkitty's ghost but do no damage.
Redkitty's ghost is lightly damaged.
Redkitty's ghost hits you!
You hit redkitty's ghost. You freeze redkitty's ghost.
Redkitty's ghost is moderately damaged.
Redkitty's ghost closely misses you.
You completely miss redkitty's ghost.
Redkitty's ghost is moderately damaged.
Redkitty's ghost barely misses you.
You hit redkitty's ghost. You freeze redkitty's ghost.
Redkitty's ghost is heavily damaged.
Redkitty's ghost barely misses you.
You hit redkitty's ghost but do no damage.
Redkitty's ghost is heavily damaged.
Redkitty's ghost hits you!
You hit redkitty's ghost but do no damage.
Redkitty's ghost is heavily damaged.
Redkitty's ghost barely misses you.
You barely miss redkitty's ghost.
Redkitty's ghost is heavily damaged.
Redkitty's ghost closely misses you.
You hit redkitty's ghost but do no damage.
Redkitty's ghost is heavily damaged.
Redkitty's ghost closely misses you.
You hit redkitty's ghost. You freeze redkitty's ghost.
Redkitty's ghost is severely damaged.
Redkitty's ghost closely misses you.
You hit redkitty's ghost.
Redkitty's ghost is almost destroyed.
Redkitty's ghost hits you!
* * * LOW HITPOINT WARNING * * *
You barely miss redkitty's ghost.
Redkitty's ghost is almost destroyed.
Redkitty's ghost hits you!
You die...

#...#.....####.##...........
#...#.....#................)
#...#.###.#..†..............
#...#.# #.#.#######...).....
#####.###.#.##§~###.........
#.......#..#≈##.........
#############....#.8..##.........
..........# ##...'≈≈.!.#.........
..........# #..@W.#.~##.........
..........#####..#...~.#.........
..........##.....#...###.........
........>........#~##.##.........
..........##....########.........
..........####...................
..........# #.....#.............
..........# #.....#.............
..........# #.....#......%......


You could see redkitty's ghost.

Vanquished Creatures
  A howler monkey (D:3)
  A hound (D:2)
  3 adders (D:2)
  2 worms
  3 dart slugs
  3 orcs (D:3)
  6 endoplasms
  3 giant cockroaches
  4 goblins
  6 hobgoblins
  5 kobolds
  2 quokkas
  2 ball pythons (D:2)
  5 bats
  5 frilled lizards
  4 rats
55 creatures vanquished.

Notes
Turn   | Place    | Note
-------+----------+-------------------------------------------
     0 | D:1      | javelincjr the Demonspawn Monk began the quest for the Orb.
     0 | D:1      | Reached XP level 1. HP: 18/18 MP: 1/1
   287 | D:1      | Gained mutation: You regenerate a little health from kills.
                  | [demonic ancestry]
   287 | D:1      | Reached XP level 2. HP: 14/24 MP: 2/2
   386 | D:1      | You fall into a shaft and drop 1 floor!
   563 | D:2      | Gained mutation: You have sharp fingernails. [demonic
                  | ancestry]
   563 | D:2      | Reached XP level 3. HP: 28/29 MP: 3/3
   594 | D:2      | Found Jexzur's Magic Scroll Boutique.
   666 | D:2      | Noticed Sigmund
   670 | D:2      | Sigmund changed into Sigmund the hound
   670 | D:2      | Noticed Sigmund
   679 | D:2      | Killed Sigmund the hound
   752 | D:2      | Found Locer's Distillery.
   758 | D:2      | Bought a potion of heal wounds for 50 gold pieces
   778 | D:2      | Gained mutation: You have very sharp fingernails. [demonic
                  | ancestry]
   778 | D:2      | Reached XP level 4. HP: 37/37 MP: 4/4
   938 | D:2      | Found Coatin's Antique Weapon Emporium.
   948 | D:2      | Found Jigimevu's Assorted Antiques.
  1034 | D:2      | Found Sipp's Weapon Shop.
  1329 | D:3      | Found a large runed translucent door.
  1331 | D:3      | Found a large runed translucent door.
  1333 | D:3      | Noticed redkitty's ghost (amateur MfSh)
  1420 | D:3      | Reached skill level 4 in Fighting
  1503 | D:3      | Reached XP level 5. HP: 26/42 MP: 5/5
  2026 | D:3      | Slain by redkitty's ghost

Illustrated notes

Levels and vault maps discovered:
D:1:      heliophobic_arrival_henge, layout_basic, serial_forest,
          infiniplex_forest_end_double, infiniplex_forest_lined_1,
          infiniplex_forest_clump_C, infiniplex_forest_clump_tiny,
          infiniplex_forest_end_1, infiniplex_forest_clump_curved,
          infiniplex_forest_straight_2
D:2:      layout_loops_ring, serial_shops, shop, shop, shop,
          nicolae_shop_getting_attention, nicolae_shop_window_shopping,
          uniq_sigmund
D:3:      layout_basic, zin_treasury, ebering_ghost_disaster_area,
          minmay_cut_off

Skill      XL: |  1  2  3  4 |
---------------+-------------+-----
Dodging        | 3 |  3.8
Polearms       | 3 |  3.7
Fighting       | 4 |  4.2

Action                     |  1- 3 |  4- 6 || total
---------------------------+-------+-------++-------
  Melee: Spear             |    86 |    95 ||   181
  Evoke: Wand              |     1 |       ||     1
 Armour: Robe              |     8 |     1 ||     9
  Dodge: Dodged            |    40 |    37 ||    77

Table legend: (Time is in decaauts)
 A = Elapsed time spent in this place.
 B = Non-inter-level travel time spent in this place.
 C = Inter-level travel time spent in this place.
 D = Time resting spent in this place.
 E = Time spent auto-exploring this place.
 F = Levels seen in this place.
 G = Mean time per level.
                   A        B        C        D        E       F      G
               +--------+--------+--------+--------+--------+-----+--------+
         Total |   2013 |   1971 |     42 |      0 |   1593 |   3 |  671.0 |
       Dungeon |   2013 |   1971 |     42 |      0 |   1593 |   3 |  671.0 |
               +--------+--------+--------+--------+--------+-----+--------+

Top non-repeatable levels by time:
     D:2: 845 daAuts
     D:3: 782 daAuts
     D:1: 384 daAuts
